TOP OF THE 1ST |
Batavia Muckdogs batting - Pitching for State College Spikes : RHP Quinn Grantham
|
Pitching: RHP Quinn Grantham
|
|
Batting: RHB Calvin Morin
|
0-0: Called Strike 0-1: Ground out 6-3 (Groundball, 6MS, EV 61.9 MPH)
|
Batting: LHB David Doge
|
0-0: Foul Ball, location: 2F 0-1: Ground out 4-3 (Groundball, 34, EV 91.2 MPH)
|
Batting: RHB Len Graham
|
0-0: Ball 1-0: Called Strike 1-1: Called Strike 1-2: Ground out 5-3 (Groundball, 56S, EV 86.2 MPH)
|
Top of the 1st over - 0 runs, 0 hits, 0 errors, 0 left on base; Batavia 0 - State College 0 |
BOTTOM OF THE 1ST |
State College Spikes batting - Pitching for Batavia Muckdogs : RHP James Bitner
|
Pitching: RHP James Bitner
|
|
Batting: LHB Ken Compton
|
0-0: Ball 1-0: Ball 2-0: Called Strike 2-1: Ground out 1-3 (Groundball, 13S, EV 68.1 MPH)
|
Batting: RHB Mike Zimmerly
|
0-0: Called Strike 0-1: Foul Ball, location: 2F 0-2: Foul Ball, location: 2F 0-2: SINGLE (Groundball, 34D, EV 105.0 MPH)
|
Batting: LHB Jayden Thomas
|
0-0: Ball 1-0: Fielders Choice at 2nd, 4-6 (Groundball, 4, EV 100.6 MPH)
|
Batting: RHB Mark Marks
|
0-0: Ball 1-0: Ball 2-0: Called Strike 2-1: Ball 3-1: Base on Balls Jayden Thomas to second
|
Batting: RHB Mark Cahill
|
0-0: Called Strike 0-1: Ball 1-1: Ball 2-1: Foul Ball, location: 2F 2-2: Foul Ball, location: 2F 2-2: Foul Ball, location: 2F 2-2: Strikes out swinging
|
Bottom of the 1st over - 0 runs, 1 hit, 0 errors, 2 left on base; Batavia 0 - State College 0 |
TOP OF THE 2ND |
Batavia Muckdogs batting - Pitching for State College Spikes : RHP Quinn Grantham
|
Batting: LHB Ryan Thompson
|
0-0: Ball 1-0: Foul Ball, location: 2F 1-1: Ball 2-1: SINGLE (Groundball, 3D, EV 98.8 MPH)
|
Batting: RHB Larry LeFever
|
0-0: Ball 1-0: Foul Ball, location: 2F 1-1: Ball 2-1: SINGLE (Groundball, 4, EV 95.0 MPH) Ryan Thompson to second
|
Batting: RHB Nate Crofts
|
0-0: Ball 1-0: SINGLE (Groundball, 56D, EV 108.1 MPH) Ryan Thompson to third Larry LeFever to second Runner from 3rd tries for Home, throw by LF and OUT! 7-2
|
Batting: RHB Hiromitsu Yamada
|
0-0: Ball 1-0: Foul Ball, location: 2F 1-1: Ball 2-1: Swinging Strike 2-2: Foul Ball, location: 2F 2-2: Ball 3-2: Strikes out swinging
|
Batting: RHB Jeremy Dennis
|
0-0: Ball 1-0: Foul Ball, location: 2F 1-1: Ball 2-1: Fly out, F4 (Popup, 3S, EV 82.5 MPH)
|
Top of the 2nd over - 0 runs, 3 hits, 0 errors, 2 left on base; Batavia 0 - State College 0 |
BOTTOM OF THE 2ND |
State College Spikes batting - Pitching for Batavia Muckdogs : RHP James Bitner
|
Batting: SHB Jason Kirby
|
0-0: Ball 1-0: Foul Ball, location: 2F 1-1: Foul Ball, location: 2F 1-2: SINGLE (Groundball, 6D, EV 101.2 MPH)
|
Batting: RHB Francisco Vargas
|
0-0: Foul Ball, location: 2F 0-1: Ball 1-1: Swinging Strike 1-2: Strikes out swinging
|
Batting: LHB Adam Eisen
|
0-0: Ball 1-0: Foul Ball, location: 2F 1-1: Ball 2-1: Called Strike 2-2: SINGLE (Groundball, 56D, EV 95.6 MPH) Jason Kirby to second
|
Batting: RHB Immel Kamuzu
|
0-0: Ball Jason Kirby steals 3rd, throwing error, E2 Jason Kirby scores Adam Eisen to third 1-0: Fly out, F8 (Line Drive, 8LD, EV 97.5 MPH) Runner from 3rd tags up, SCORES, throw by CF
|
Batting: LHB Ken Compton
|
0-0: Ball 1-0: Called Strike 1-1: Swinging Strike 1-2: Ground out 3-1 (Groundball, 34S, EV 85.0 MPH)
|
Bottom of the 2nd over - 2 runs, 2 hits, 1 error, 0 left on base; Batavia 0 - State College 2 |
TOP OF THE 3RD |
Batavia Muckdogs batting - Pitching for State College Spikes : RHP Quinn Grantham
|
Batting: RHB Jose Trevino
|
0-0: Foul Ball, location: 2F 0-1: Called Strike 0-2: Strikes out swinging
|
Batting: RHB Calvin Morin
|
0-0: SINGLE (Flyball, 34D, EV 98.1 MPH)
|
Batting: LHB David Doge
|
0-0: Called Strike Calvin Morin steals 2nd base 0-1: Ball 1-1: Ball 2-1: Ground out 6-3 (Groundball, 6, EV 79.4 MPH) Calvin Morin to third
|
Batting: RHB Len Graham
|
0-0: Ground out U3 (Groundball, 3L, EV 91.9 MPH)
|
Top of the 3rd over - 0 runs, 1 hit, 0 errors, 1 left on base; Batavia 0 - State College 2 |
BOTTOM OF THE 3RD |
State College Spikes batting - Pitching for Batavia Muckdogs : RHP James Bitner
|
Batting: RHB Mike Zimmerly
|
0-0: Ball 1-0: Called Strike 1-1: Ground out 3-1 (Groundball, 34, EV 85.0 MPH)
|
Batting: LHB Jayden Thomas
|
0-0: Ball 1-0: Foul Ball, location: 2F 1-1: Ball 2-1: Swinging Strike 2-2: Ball 3-2: Foul Ball, location: 2F 3-2: Ground out 4-3 (Groundball, 4, EV 85.6 MPH)
|
Batting: RHB Mark Marks
|
0-0: Called Strike 0-1: Ball 1-1: Foul Ball, location: 2F 1-2: Ball 2-2: Ball 3-2: Foul Ball, location: 2F 3-2: Base on Balls
|
Batting: RHB Mark Cahill
|
0-0: Ball 1-0: Ball 2-0: Ball 3-0: Base on Balls Mark Marks to second
|
Pitching: RHP Alex Garza
|
|
Batting: SHB Jason Kirby
|
0-0: Ball 1-0: Ball 2-0: Ball Balk! Mark Marks to third Mark Cahill to second 3-0: Base on Balls
|
Batting: RHB Francisco Vargas
|
0-0: Ball 1-0: Called Strike 1-1: Called Strike 1-2: Ball 2-2: Foul Ball, location: 2F 2-2: Strikes out swinging
|
Bottom of the 3rd over - 0 runs, 0 hits, 0 errors, 3 left on base; Batavia 0 - State College 2 |
TOP OF THE 4TH |
Batavia Muckdogs batting - Pitching for State College Spikes : RHP Quinn Grantham
|
Batting: LHB Ryan Thompson
|
0-0: Called Strike 0-1: Ball 1-1: Foul Ball, location: 2F 1-2: Ball 2-2: Strikes out looking
|
Batting: RHB Larry LeFever
|
0-0: Fly out, F4 (Popup, 3DF, EV 46.9 MPH)
|
Batting: RHB Nate Crofts
|
0-0: Called Strike 0-1: Ball 1-1: Called Strike 1-2: Ball 2-2: Foul Ball, location: 2F 2-2: Foul Ball, location: 2F 2-2: Foul Ball, location: 2F 2-2: Foul Ball, location: 2F 2-2: Strikes out swinging
|
Top of the 4th over - 0 runs, 0 hits, 0 errors, 0 left on base; Batavia 0 - State College 2 |
BOTTOM OF THE 4TH |
State College Spikes batting - Pitching for Batavia Muckdogs : RHP Alex Garza
|
Batting: LHB Adam Eisen
|
0-0: Called Strike 0-1: Ball 1-1: Ball 2-1: Foul Ball, location: 2F 2-2: Ball 3-2: Strikes out swinging
|
Batting: RHB Immel Kamuzu
|
0-0: Ball 1-0: Called Strike 1-1: Ball 2-1: Foul Ball, location: 2F 2-2: Foul Ball, location: 2F 2-2: Foul Ball, location: 2F 2-2: Foul Ball, location: 2F 2-2: SINGLE (Flyball, 56D, EV 88.8 MPH)
|
Pitching: RHP Giampaolo Nobile
|
|
Batting: LHB Ken Compton
|
0-0: Ball 1-0: Fielders Choice at 2nd, 4-6 (Groundball, 34, EV 86.2 MPH)
|
Batting: RHB Mike Zimmerly
|
0-0: Called Strike Ken Compton steals 2nd base (no throw) 0-1: Foul Ball, location: 2F 0-2: Ball 1-2: TRIPLE (Line Drive, 8LXD, EV 104.4 MPH) Ken Compton scores
|
Batting: LHB Jayden Thomas
|
0-0: Ball 1-0: Foul Ball, location: 2F 1-1: Swinging Strike 1-2: Strikes out swinging
|
Bottom of the 4th over - 1 run, 2 hits, 0 errors, 1 left on base; Batavia 0 - State College 3 |
TOP OF THE 5TH |
Batavia Muckdogs batting - Pitching for State College Spikes : RHP Quinn Grantham
|
Batting: RHB Hiromitsu Yamada
|
0-0: Called Strike 0-1: Called Strike 0-2: Foul Ball, location: 2F 0-2: Strikes out swinging
|
Batting: RHB Jeremy Dennis
|
0-0: Called Strike 0-1: Swinging Strike 0-2: Ball 1-2: Foul Ball, location: 2F 1-2: Strikes out swinging
|
Batting: RHB Jose Trevino
|
0-0: Swinging Strike 0-1: Foul Ball, location: 2F 0-2: Strikes out swinging
|
Top of the 5th over - 0 runs, 0 hits, 0 errors, 0 left on base; Batavia 0 - State College 3 |
BOTTOM OF THE 5TH |
State College Spikes batting - Pitching for Batavia Muckdogs : RHP Giampaolo Nobile
|
Batting: RHB Mark Marks
|
0-0: Fly out, F8 (Line Drive, 8LD, EV 103.1 MPH)
|
Batting: RHB Mark Cahill
|
0-0: Ball 1-0: Ball 2-0: Foul Ball, location: 2F 2-1: Called Strike 2-2: Ball 3-2: Fly out, F3 (Flyball, 3D, EV 91.9 MPH)
|
Batting: SHB Jason Kirby
|
0-0: Foul Ball, location: 2F 0-1: Swinging Strike 0-2: Ball 1-2: Ball 2-2: Ball 3-2: Foul Ball, location: 2F 3-2: SINGLE (Groundball, 4MD, EV 96.2 MPH)
|
Pitching: RHP Ryan Babbitt
|
|
Batting: RHB Francisco Vargas
|
0-0: Ball Jason Kirby steals 2nd base 1-0: Foul Ball, location: 2F 1-1: Fly out, F8 (Flyball, 78D, EV 98.1 MPH)
|
Bottom of the 5th over - 0 runs, 1 hit, 0 errors, 1 left on base; Batavia 0 - State College 3 |
TOP OF THE 6TH |
Batavia Muckdogs batting - Pitching for State College Spikes : RHP Quinn Grantham
|
Batting: RHB Calvin Morin
|
0-0: Called Strike 0-1: Ball 1-1: Ball 2-1: Ground out 5-3 (Groundball, 56, EV 85.6 MPH)
|
Batting: LHB David Doge
|
0-0: Foul Ball, location: 2F 0-1: Foul Ball, location: 2F 0-2: Ball 1-2: Ball 2-2: Foul Ball, location: 2F 2-2: Fly out, F6 (Flyball, 56D, EV 95.6 MPH)
|
Batting: RHB Len Graham
|
0-0: Foul Ball, location: 2F 0-1: Swinging Strike 0-2: Ball 1-2: Foul Ball, location: 2F 1-2: Ball 2-2: Ground out 1-3 (Groundball, P, EV 66.9 MPH)
|
Top of the 6th over - 0 runs, 0 hits, 0 errors, 0 left on base; Batavia 0 - State College 3 |
BOTTOM OF THE 6TH |
State College Spikes batting - Pitching for Batavia Muckdogs : RHP Ryan Babbitt
|
Batting: LHB Adam Eisen
|
0-0: Called Strike 0-1: SINGLE (Line Drive, 8RS, EV 107.5 MPH)
|
Batting: RHB Immel Kamuzu
|
0-0: Ball 1-0: Ball 2-0: Ball 3-0: Called Strike 3-1: Base on Balls Adam Eisen to second
|
Batting: LHB Ken Compton
|
0-0: DOUBLE (Groundball, 3L, EV 101.2 MPH) Adam Eisen scores Immel Kamuzu to third Runner from 3rd tries for Home, throw by RF and OUT! 9-4-2 Ken Compton to third
|
Batting: RHB Mike Zimmerly
|
0-0: Fly out, F4 (Flyball, 4MD, EV 85.0 MPH)
|
Batting: LHB Jayden Thomas
|
0-0: Called Strike 0-1: SINGLE (Line Drive, 8RS, EV 91.2 MPH) Ken Compton scores
|
Batting: RHB Mark Marks
|
0-0: Swinging Strike 0-1: Ball Jayden Thomas steals 2nd base 1-1: Fly out, F7 (Flyball, 78M, EV 96.2 MPH)
|
Bottom of the 6th over - 2 runs, 3 hits, 0 errors, 1 left on base; Batavia 0 - State College 5 |
TOP OF THE 7TH |
Batavia Muckdogs batting - Pitching for State College Spikes : RHP Quinn Grantham
|
Batting: LHB Ryan Thompson
|
0-0: Ball 1-0: Swinging Strike 1-1: Called Strike 1-2: Ball 2-2: Strikes out swinging
|
Batting: RHB Larry LeFever
|
0-0: Ball 1-0: Called Strike 1-1: Ball 2-1: Ball 3-1: Fly out, F7 (Flyball, 78S, EV 90.6 MPH)
|
Batting: RHB Nate Crofts
|
0-0: Ball 1-0: Ground out 5-3 (Groundball, 56, EV 91.2 MPH)
|
Top of the 7th over - 0 runs, 0 hits, 0 errors, 0 left on base; Batavia 0 - State College 5 |
BOTTOM OF THE 7TH |
State College Spikes batting - Pitching for Batavia Muckdogs : RHP Ryan Babbitt
|
Batting: RHB Mark Cahill
|
0-0: Called Strike 0-1: Ball 1-1: Called Strike 1-2: Strikes out looking
|
Pitching: RHP Scott Feltham
|
|
Batting: SHB Jason Kirby
|
0-0: Ball 1-0: Ball 2-0: Ball 3-0: Base on Balls
|
Batting: RHB Francisco Vargas
|
0-0: Called Strike 0-1: DOUBLE (Groundball, 5L, EV 103.1 MPH) Jason Kirby to third Runner from 3rd tries for Home, SAFE, no throw by LF
|
Batting: LHB Adam Eisen
|
0-0: Called Strike 0-1: Ball 1-1: Ball 2-1: Foul Ball, location: 2F 2-2: Ball 3-2: SINGLE (Line Drive, 9S, EV 93.1 MPH) Francisco Vargas to third
|
Batting: RHB Immel Kamuzu
|
0-0: Ball 1-0: Ball Balk! Francisco Vargas scores Adam Eisen to second 2-0: Ground out 6-3 (Groundball, 6, EV 101.9 MPH)
|
Batting: LHB Ken Compton
|
0-0: Ball 1-0: SINGLE (Groundball, 34D, EV 101.9 MPH) Adam Eisen to third Runner from 3rd tries for Home, SAFE, throw by RF to home Ken Compton to second
|
Batting: RHB Mike Zimmerly
|
0-0: Ball 1-0: Ball 2-0: Ball 3-0: Called Strike 3-1: Base on Balls
|
Batting: LHB Jayden Thomas
|
0-0: Ball 1-0: Ball Balk! Ken Compton to third Mike Zimmerly to second 2-0: Ball 3-0: Called Strike 3-1: Base on Balls
|
Batting: RHB Mark Marks
|
0-0: Ball 1-0: Ball 2-0: Ball 3-0: Called Strike 3-1: Base on Balls Ken Compton scores Mike Zimmerly to third Jayden Thomas to second
|
Batting: RHB Mark Cahill
|
0-0: Ball 1-0: Foul Ball, location: 2F 1-1: Foul Ball, location: 2F 1-2: Strikes out swinging
|
Bottom of the 7th over - 4 runs, 3 hits, 0 errors, 3 left on base; Batavia 0 - State College 9 |
TOP OF THE 8TH |
Batavia Muckdogs batting - Pitching for State College Spikes : RHP Quinn Grantham
|
Pitching: RHP Ed Puentes
|
|
Pinch Hitting: LHB Andrew van Dongen
|
0-0: Foul Ball, location: 2F 0-1: Ball 1-1: Foul Ball, location: 2F 1-2: Strikes out looking
|
Pinch Hitting: LHB Carlos Mosqueda
|
0-0: Ball 1-0: Ball 2-0: Ball 3-0: Called Strike 3-1: Swinging Strike 3-2: Base on Balls
|
Pinch Hitting: SHB Dan Zink
|
0-0: Ball 1-0: Foul Ball, location: 2F 1-1: DOUBLE (Line Drive, 3D, EV 99.4 MPH) Carlos Mosqueda to third Runner from 3rd tries for Home, throw by RF and OUT! 9-2
|
Pinch Hitting: LHB Mario Tirado
|
0-0: Foul Ball, location: 2F 0-1: Swinging Strike 0-2: Ball 1-2: Foul Ball, location: 2F 1-2: Fly out, F9 (Flyball, 9S, EV 82.5 MPH)
|
Top of the 8th over - 0 runs, 1 hit, 0 errors, 1 left on base; Batavia 0 - State College 9 |
BOTTOM OF THE 8TH |
State College Spikes batting - Pitching for Batavia Muckdogs : RHP Scott Feltham
|
Now at 2B: Len Graham
|
|
Now at 3B: Jose Aviles
|
|
Now at SS: Ryuki Ogasawara
|
|
Now in LF: Dan Zink
|
|
Now in CF: David Doge
|
|
Now in RF: Mario Tirado
|
|
Batting: SHB Jason Kirby
|
0-0: Ball 1-0: Ball 2-0: SINGLE (Line Drive, 8RS, EV 91.9 MPH)
|
Pinch Hitting: LHB Dustin Horsley
|
0-0: 2-RUN HOME RUN (Flyball, 89XD, EV 100.0 MPH), Distance : 400 ft
|
Pitching: RHP Joe Lightell
|
|
Batting: LHB Adam Eisen
|
0-0: Ball 1-0: SINGLE (Line Drive, 5L, EV 98.8 MPH)
|
Batting: RHB Immel Kamuzu
|
0-0: Ball Wild Pitch! Adam Eisen to second 1-0: Ball 2-0: Ball 3-0: Called Strike 3-1: Base on Balls
|
Batting: LHB Ken Compton
|
0-0: Fielders Choice at 2nd, 4-6 (Groundball, 4, EV 102.5 MPH) Adam Eisen to third
|
Batting: RHB Mike Zimmerly
|
0-0: Ball Balk! Adam Eisen scores Ken Compton to second 1-0: Called Strike 1-1: Swinging Strike Balk! Ken Compton to third 1-2: Foul Ball, location: 2F 1-2: Hit by Pitch
|
Batting: LHB Jayden Thomas
|
0-0: Foul Ball, location: 2F 0-1: 3-RUN HOME RUN (Flyball, 9D, EV 96.9 MPH), Distance : 367 ft
|
Pitching: RHP Emilio Montalvo
|
|
Batting: RHB Mark Marks
|
0-0: Ball 1-0: SINGLE (Groundball, 6MD, EV 94.4 MPH)
|
Batting: RHB Mark Cahill
|
0-0: Ball 1-0: Foul Ball, location: 2F 1-1: Fielders Choice at 2nd, 5-4 (Groundball, 5S, EV 78.8 MPH)
|
Batting: SHB Jason Kirby
|
0-0: Fly out, F7 (Flyball, 78S, EV 94.4 MPH)
|
Bottom of the 8th over - 6 runs, 5 hits, 0 errors, 1 left on base; Batavia 0 - State College 15 |
TOP OF THE 9TH |
Batavia Muckdogs batting - Pitching for State College Spikes : RHP Ed Puentes
|
Now in LF: Ken Compton
|
|
Now in RF: Dustin Horsley
|
|
Batting: LHB David Doge
|
0-0: Ball 1-0: DOUBLE (Flyball, 8RD, EV 95.0 MPH)
|
Batting: RHB Len Graham
|
Balk! David Doge to third 0-0: Called Strike 0-1: Ground out 4-3 (Groundball, 4, EV 84.4 MPH) David Doge scores
|
Batting: LHB Ryan Thompson
|
0-0: Ball 1-0: Called Strike 1-1: Foul Ball, location: 2F 1-2: Ground out 4-3 (Groundball, 4, EV 80.0 MPH)
|
Batting: RHB Larry LeFever
|
0-0: Ball 1-0: Fly out, F8 (Flyball, 8LD, EV 88.8 MPH)
|
Top of the 9th over - 1 run, 1 hit, 0 errors, 0 left on base; Batavia 1 - State College 15 |
|